Map: Cyber Forest LE

Players

Kelazhur - Winner!

  • Race: Terran Terran
  • Spawn Location: 5:00

Nerchio

  • Race: Zerg Zerg
  • Spawn Location: 11:00

Event: 2019 WCS Spring

VOD

Have the link to the VOD?

Description

Time

  • Played on: May 17, 2019, 1:19 p.m.
  • Length: 11:19

All games in this series

Show
View Real Time Build Order
Export as new Build Order

Kelazhur Terran - Winner!

Build Orders: Reaper Expand, Hellion Banshee 

Get SALT Encoding   

  12  0:00  SCV  
  13  0:12  SCV  
  14  0:17  Supply Depot  
  14  0:24  SCV  
  15  0:38  SCV  
  15  0:40  Barracks  
  16  0:44  Refinery  
  16  0:50  SCV  
  17  1:03  SCV  
  18  1:15  SCV  
  19  1:28  Reaper, Orbital Command  
  20  1:39  Command Center  
  20  1:47  Supply Depot  
  20  1:53  SCV  
  21  1:59  Marine  
  22  2:04  Factory  
  22  2:07  SCV  
  23  2:12  Refinery  
  23  2:19  SCV  
  23  2:22  Barracks Reactor  
  24  2:31  SCV  
  25  2:43  SCV  
  26  2:50  Starport  
  26  2:52  Orbital Command  
  26  2:55  SCV  
  27  3:05  Hellion x2  
  31  3:07  SCV  
  31  3:11  Barracks Tech Lab  
  32  3:17  Supply Depot  
  32  3:19  SCV  
  33  3:22  SCV  
  33  3:26  Hellion x2  
  38  3:32  SCV  
  39  3:34  SCV  
  39  3:35  Banshee  
  39  3:36  Cloaking Field  
  43  3:44  SCV  
  43  3:46  SCV  
  45  3:50  Supply Depot  
  45  3:52  Hellion  
  45  3:53  Hellion  
  49  3:56  SCV  
  49  3:58  SCV  
  50  4:04  Barracks Tech Lab  
  50  4:08  SCV  
  51  4:10  SCV  
  51  4:14  Supply Depot  
  52  4:20  SCV  
  52  4:23  SCV  
  52  4:32  SCV  
  52  4:35  SCV  
  54  4:40  Command Center, Marine  
  54  4:41  Stimpack, Banshee  
  54  4:44  SCV  
  59  4:47  SCV  
  60  4:56  SCV  
  60  4:59  SCV  
  62  5:01  Factory Reactor, Barracks  
  62  5:05  Marine  
  61  5:07  Barracks  
  61  5:09  SCV  
  61  5:11  SCV  
  60  5:14  Bunker  
  60  5:21  SCV, Engineering Bay  
  61  5:22  Engineering Bay  
  61  5:23  SCV, Marauder  
  61  5:24  Banshee  
  67  5:29  Supply Depot  
  67  5:33  SCV  
  67  5:35  SCV  
  69  5:41  Refinery x2  
  69  5:46  Marine  
  70  5:50  Supply Depot  
  70  5:51  SCV  
  70  5:54  Orbital Command  
  70  5:55  SCV  
  72  6:00  Marine x2  
  72  6:02  Terran Infantry Weapons Level 1  
  74  6:06  Barracks x2  
  74  6:12  SCV  
  74  6:15  Orbital Command, Marine x2  
  74  6:16  Marine  
  74  6:18  Siege Tank  
  81  6:19  Starport Reactor  
  81  6:21  Terran Infantry Armor Level 1  
  81  6:22  SCV  
  81  6:25  SCV  
  83  6:27  Supply Depot  
  83  6:30  Marine x2  
  85  6:34  SCV  
  85  6:35  Supply Depot  
  85  6:37  SCV  
  87  6:40  Armory, Marine x2  
  87  6:44  SCV  
  87  6:46  SCV, Combat Shield, Marauder  
  93  6:49  SCV  
  94  6:56  SCV  
  94  6:58  SCV  
  94  7:01  SCV  
  96  7:02  Marine x4  
  96  7:04  Medivac, Siege Tank  
  96  7:05  Medivac  
  96  7:08  SCV  
  108  7:10  SCV  
  108  7:13  Supply Depot  
  110  7:15  SCV  
  110  7:16  Missile Turret  
  110  7:19  Marauder  
  110  7:20  Barracks Reactor x2  
  110  7:22  SCV x2  
  114  7:23  Refinery  
  114  7:27  Marine x3  
  117  7:33  Supply Depot  
  117  7:34  SCV x2, Marine  
  120  7:41  SCV  
  121  7:45  Medivac x2  
  125  7:54  Supply Depot  
  125  7:55  Marauder, Supply Depot, Siege Tank, Marine x2  
  125  7:57  Marine  
  133  8:00  Supply Depot x3  
  133  8:08  Terran Infantry Weapons Level 2  
  133  8:16  Marine x6  
  133  8:17  Marauder  
  129  8:20  Medivac x2, Marine  
  129  8:22  Marine  
  129  8:27  Orbital Command  
  120  8:33  Siege Tank, Marine x2  
  117  8:34  Marine x4  
  117  8:37  Marine  
  117  8:38  Marine  
  117  8:40  Marine  
  115  8:49  SCV  
  115  8:50  Medivac  
  115  8:51  Marine x2  
  115  8:52  Terran Infantry Armor Level 2  
  115  8:54  Marine x3  
  115  8:55  Marine  
  121  8:59  Marine  
  123  9:07  Marine  
  123  9:08  Marauder  
  123  9:09  Missile Turret, Concussive Shells, Siege Tank, Marine  
  130  9:19  Marine x6  
  130  9:21  Supply Depot  
  136  9:25  Marine  
  136  9:27  Marine  
  136  9:28  Marine  
  139  9:33  Medivac x2  
  139  9:36  Supply Depot, Marine  
  139  9:38  Command Center  
  144  9:40  Barracks  
  144  9:41  Siege Tank  
  144  9:42  Barracks  
  147  9:47  Marauder  
  142  10:01  Marine  
  142  10:03  Medivac x2  
  142  10:04  Marine x6  
  153  10:10  Marine  
  153  10:12  Marauder  
  143  10:19  Marine  
  143  10:21  Siege Tank, Marine  
  147  10:24  Supply Depot  
  147  10:25  Supply Depot  
  147  10:28  Marine x4  
  152  10:36  Refinery  
  152  10:39  Marine  
  152  10:40  Marauder, Marine  
  150  10:51  Marine  
  150  10:52  Marine x5  
  159  10:57  Marine  
  159  10:58  Marine  
Show
View Real Time Build Order
Export as new Build Order

Nerchio Zerg 

Build Orders: Hatch First 

Get SALT Encoding   

  12  0:00  Drone  
  13  0:12  Overlord  
  13  0:16  Drone  
  14  0:30  Drone x2  
  16  0:49  Hatchery  
  15  0:52  Drone  
  15  0:55  Drone  
  17  0:59  Drone  
  17  1:03  Extractor  
  17  1:15  Spawning Pool  
  17  1:18  Drone  
  17  1:21  Drone  
  18  1:28  Drone  
  19  1:39  Overlord  
  19  1:50  Drone  
  20  2:02  Queen x2  
  20  2:03  Zergling x2  
  20  2:05  Zergling x2  
  26  2:10  Metabolic Boost  
  26  2:15  Drone  
  27  2:18  Drone  
  27  2:22  Drone  
  29  2:24  Drone  
  30  2:34  Drone x2  
  32  2:46  Hatchery  
  32  2:48  Drone  
  32  2:53  Overlord  
  32  3:00  Queen  
  32  3:04  Drone  
  32  3:05  Drone  
  36  3:13  Drone x3  
  36  3:14  Drone  
  36  3:16  Drone  
  40  3:21  Overlord  
  40  3:23  Drone  
  41  3:33  Roach Warren  
  40  3:34  Zergling x4  
  40  3:38  Queen  
  44  3:46  Zergling x2  
  44  3:47  Zergling x2  
  46  3:50  Drone x3  
  46  3:51  Drone  
  46  3:54  Lair  
  50  3:59  Overlord  
  50  4:01  Drone  
  51  4:10  Zergling x10  
  56  4:17  Overlord  
  56  4:20  Drone x2  
  56  4:23  Extractor  
  55  4:27  Roach x4  
  55  4:31  Spore Crawler  
  61  4:33  Spore Crawler  
  61  4:36  Roach  
  62  4:39  Drone x3  
  65  4:51  Overlord  
  65  4:52  Overseer  
  65  4:57  Drone  
  60  5:08  Drone  
  60  5:09  Drone x11  
  60  5:13  Overlord  
  71  5:16  Glial Reconstitution  
  71  5:17  Evolution Chamber  
  70  5:22  Overlord  
  70  5:24  Spore Crawler, Drone  
  70  5:25  Drone  
  71  5:28  Evolution Chamber  
  71  5:29  Extractor  
  71  5:31  Drone x2  
  71  5:36  Extractor  
  71  5:39  Roach  
  71  5:41  Roach x2  
  76  5:45  Roach  
  76  5:47  Zerg Ground Armor Level 1  
  78  5:56  Hatchery  
  78  5:57  Drone x4  
  78  5:58  Drone  
  82  6:08  Drone x6  
  82  6:09  Ravager  
  89  6:15  Extractor  
  89  6:17  Infestation Pit  
  87  6:20  Zerg Missile Weapons Level 1  
  87  6:21  Drone x3  
  87  6:22  Overlord  
  87  6:25  Overlord  
  90  6:26  Overlord  
  90  6:30  Extractor  
  89  6:40  Queen  
  89  6:46  Drone x3  
  93  6:54  Roach x3  
  93  7:00  Roach x4  
  107  7:02  Hive  
  107  7:03  Drone x6, Baneling Nest  
  107  7:04  Drone  
  107  7:05  Drone  
  108  7:16  Overlord x2  
  108  7:18  Roach x4  
  108  7:19  Roach  
  108  7:21  Overlord  
  118  7:27  Overlord  
  118  7:34  Spore Crawler  
  117  7:38  Zergling x14, Spire  
  123  7:45  Centrifical Hooks  
  123  7:49  Ravager  
  123  7:50  Ravager x2  
  126  7:51  Zerg Ground Armor Level 2  
  126  7:52  Zergling x10  
  131  8:09  Drone x3  
  131  8:12  Roach x9  
  132  8:30  Overlord x2  
  130  8:36  Roach x2  
  130  8:40  Overlord  
  130  8:41  Overlord  
  125  8:46  Hatchery  
  125  8:47  Zerg Melee Weapons Level 1  
  112  8:48  Drone  
  112  8:49  Drone x5  
  115  9:00  Hatchery, Greater Spire  
  114  9:05  Corruptor x4  
  122  9:18  Corruptor  
  122  9:21  Corruptor x2  
  122  9:23  Zergling x8  
  132  9:27  Zergling x8  
  132  9:28  Extractor  
  135  9:32  Overlord  
  134  9:43  Roach x3  
  137  9:57  Roach  
  137  9:58  Roach x7  
  148  10:23  Extractor  
  148  10:28  Zergling x16  
  155  10:29  Hatchery  
  155  10:32  Baneling x7, Corruptor x3  
  160  10:37  Ravager x2  
  162  10:47  Baneling  
  162  10:48  Ravager, Baneling x2  
  147  10:50  Baneling x8, Zergling x2  
  147  10:51  Zergling x22  
  147  10:55  Baneling  
  147  10:56  Ravager  
  147  10:57  Ravager  
  161  11:02  Zergling x2  
Tags
 
Add a new tag
Caveats
  • Supply blocks, unpowered buildings, or Contaminate may cause inaccurate times.
  • Supply counts are checked every 10 seconds.